 Dungeon Crawl Stone Soup version 0.23.0-3-gf3c87f2 (webtiles) character file.

Game seed: 4815939249185063260

7045 Sergey the Blocker (level 10, -7/91 HPs)
             Began as a Deep Dwarf Fighter on Feb 23, 2019.
             Was a Believer of Makhleb.
             Mangled by a harpy simulacrum (8 damage)
             ... on level 11 of the Dungeon.
             The game lasted 00:08:26 (3852 turns).

Sergey the Blocker (Deep Dwarf Fighter)             Turns: 3852, Time: 00:08:26

Health: -7/91      AC: 17    Str: 23    XL:     10   Next: 83%
Magic:  4/4        EV: 12    Int:  9    God:    Makhleb [**....]
Gold:   836        SH: 12    Dex: 12    Spells: 9/9 levels left

rFire    . . .     SeeInvis .   a - +1 war axe
rCold    . . .     Gourm    .   c - +0 shield
rNeg     . . .     Faith    .   d - +2 swamp dragon scales
rPois    +         Spirit   .   s - +1 helmet
rElec    .         Reflect  .   u - +2 cloak
rCorr    .         Harm     .   (no gloves)
MR       +....                  (no boots)
Stlth    +.........             (no amulet)
HPRegen  0.00/turn              t - +1 ring of protection
MPRegen  0.09/turn              l - +3 ring of evasion

@: non-regenerating
A: damage resistance, heal wounds, sense surroundings 2, no regeneration
a: Heal Wounds, Minor Destruction, Renounce Religion


You were on level 11 of the Dungeon.
You worshipped Makhleb.
Makhleb was pleased with you.
You were very hungry.

You visited 2 branches of the dungeon, and saw 12 of its levels.
You also visited: Bailey.

You collected 836 gold pieces.

Inventory:

Hand Weapons
 a - a +1 war axe (weapon)
Armour
 b - a +0 scale mail
 c - a +0 shield (worn)
 d - +2 swamp dragon scales (worn)
 m - a +0 chain mail
 o - a +0 plate armour
 s - a +1 helmet (worn)
 u - a +2 cloak (worn)
Jewellery
 i - an uncursed ring of fire
 l - a +3 ring of evasion (right hand)
 n - an uncursed ring of ice
 t - a +1 ring of protection (left hand)
Scrolls
 j - 6 scrolls of teleportation {@r3}
Potions
 g - a potion of curing {@q2}
 h - a potion of cancellation
 k - a potion of invisibility
 p - a potion of agility {@q4}
 q - a potion of flight
Comestibles
 f - 14 rations
 r - 5 chunks of flesh


   Skills:
 + Level 6.1 Fighting
 * Level 9.5 Axes
 + Level 5.2 Throwing
 + Level 7.3 Armour
 * Level 9.8 Shields
 * Level 7.1 Invocations


You had 9 spell levels left.
You didn't know any spells.
Your spell library was empty.

Dungeon Overview and Level Annotations

Branches:
Dungeon (11/15)            Temple (1/1) D:7            Lair (0/6) D:11
    Orc (0/2) D:11

Altars:
Cheibriados
Dithmenos
Elyvilon
Fedhas
Makhleb
Nemelex Xobeh
Okawaru
Qazlal
Ru
Sif Muna
Trog
Uskayaw
Vehumet
Wu Jian
Xom
Yredelemnul
Zin
The Shining One


Innate Abilities, Weirdness & Mutations

You are resistant to damage.
You can heal yourself by infusing magical energy.
You passively map the area around you.
You do not regenerate.


Message History

You kill the orc!
Makhleb accepts your kill.
You feel better.
The crimson imp blinks!
A harpy simulacrum comes into view.
Found a fizzy golden potion.
You slash the harpy simulacrum!
The harpy simulacrum is heavily damaged.
The harpy simulacrum claws you. The harpy simulacrum freezes you!
The harpy simulacrum claws you. The harpy simulacrum freezes you!!
* * * LOW HITPOINT WARNING * * *
The harpy simulacrum claws you!
* * * LOW HITPOINT WARNING * * *
The harpy simulacrum freezes you!
* * * LOW HITPOINT WARNING * * *
The harpy simulacrum claws you but does no damage.
You completely miss the harpy simulacrum.
The harpy simulacrum is heavily damaged.
You block the harpy simulacrum's attack.
The harpy simulacrum barely misses you. The harpy simulacrum claws you!
You die...

#.#.......###*,,....,,,,,,,,,,,,,,
#.#.....(...###....,,***,,,,*,,,**
#.####.##.#..!.<..#****.,,,,,,,***
##.# #..##.(..#*#..* *,..***,,,,* *
#..###<.....#.###.#*##.##*,,,,,****
.....)..###.#((##.#......,,,,,**,,,
....)...# #..#>)).#......*,,,**,,,,
...)∩).## ##.###....5....*,,**,,,*,
....)..#####.##..@.......,,**,,,,,,
#................>Z......***,,,,*,*
(.......†................**,,,,**,*
.####.>#.###......#....!.**,,,,,,,*
^# #....# #.....##......,,,,****,*
## #.#### #......,.###.#*,,,,***,*
****###****####..#**#**,#*,**,,,*,*
,,,,* *,,,,,,..#**,,,*,,,,****,,,*
,,,,****,,,,,,****,,,,,,,,,,****,,*


You could see a crimson imp and a harpy simulacrum.

Vanquished Creatures
  A two-headed ogre (D:11)
  An orc knight (Bailey)
  Maurice (D:10)
  A komodo dragon (D:9)
  Grinder (D:6)
  A wraith (D:10)
  A yak (D:8)
  A wyvern (D:11)
  3 hungry ghosts
  7 orc warriors
  2 ice beasts
  2 black bears (D:10)
  2 sky beasts
  A necrophage (D:10)
  2 phantoms
  3 ogres
  7 centaurs
  A big kobold (D:8)
  3 bullfrogs
  2 scorpions
  6 wights
  11 killer bees
  3 howler monkeys (D:10)
  2 crimson imps
  A bullfrog zombie (D:9)
  A centaur zombie (D:8)
  A quasit (D:6)
  A jelly (D:8)
  4 hounds
  2 bullfrog skeletons
  An orc priest (D:6)
  6 orc wizards
  3 worker ants
  A hound zombie (D:9)
  2 hound skeletons
  Robin (D:3)
  3 gnolls (D:6)
  11 adders
  A hound simulacrum (D:8)
  2 white imps (D:8)
  An adder skeleton (D:4)
  4 worms (D:9)
  2 dart slugs
  4 leopard geckos
  18 orcs
  3 giant cockroaches
  10 goblins
  9 hobgoblins
  10 jackals
  A quokka (D:11)
  A ball python (D:1)
  9 bats
  A frilled lizard (D:1)
  A goblin skeleton (D:6)
  A goblin zombie (D:6)
  5 kobolds
  A kobold skeleton (D:6)
  2 orc skeletons (D:6)
  3 orc zombies (D:6)
  A quokka skeleton (D:8)
  6 rats
199 creatures vanquished.

Notes
Turn   | Place    | Note
-------+----------+-------------------------------------------
     0 | D:1      | Sergey the Deep Dwarf Fighter began the quest for the Orb.
     0 | D:1      | Reached XP level 1. HP: 20/20 MP: 1/1
   331 | D:1      | Reached XP level 2. HP: 22/27 MP: 2/2
   598 | D:2      | Reached XP level 3. HP: 25/33 MP: 3/3
   687 | D:2      | Found a shadowy altar of Dithmenos.
   786 | D:3      | Noticed Robin
   798 | D:3      | Reached XP level 4. HP: 17/42 MP: 4/4
   802 | D:3      | Killed Robin
   835 | D:3      | Reached skill level 1 in Throwing
  1014 | D:3      | Reached XP level 5. HP: 34/49 MP: 5/5
  1082 | D:5      | Entered Level 5 of the Dungeon
  1254 | D:6      | Reached skill level 5 in Shields
  1254 | D:6      | Reached XP level 6. HP: 29/56 MP: 6/6
  1342 | D:6      | Found a glowing golden altar of the Shining One.
  1412 | D:6      | Found an ornate altar of the Wu Jian Council.
  1413 | D:6      | Noticed an orc warrior
  1420 | D:6      | HP: 1/56 [orc warrior/+0 dire flail (19)]
  1421 | D:6      | Your magical essence is drained by the effort!
  1435 | D:6      | Your magical essence is drained by the effort!
  1439 | D:6      | Killed an orc warrior
  1439 | D:6      | Noticed Grinder
  1440 | D:6      | Reached XP level 7. HP: 57/63 MP: 5/5
  1456 | D:6      | Killed Grinder
  1456 | D:6      | Reached skill level 5 in Axes
  1653 | D:6      | Found a shadowy altar of Dithmenos.
  1715 | D:8      | Your magical essence is drained by the effort!
  1720 | D:8      | Reached skill level 5 in Armour
  1721 | D:8      | Reached XP level 8. HP: 67/72 MP: 5/5
  1843 | D:8      | Your magical essence is drained by the effort!
  2060 | D:8      | Your magical essence is drained by the effort!
  2246 | D:8      | Noticed a +0 hand axe
  2247 | D:8      | Found a hide-covered altar of Uskayaw.
  2247 | D:8      | Noticed a +0 hand axe
  2262 | D:8      | Gained mutation: You passively map the area around you.
                  | [Deep Dwarf growth]
  2262 | D:8      | Reached XP level 9. HP: 35/80 MP: 4/4
  2310 | D:7      | Found a staircase to the Ecumenical Temple.
  2317 | Temple   | Entered the Ecumenical Temple
  2399 | Temple   | Became a worshipper of Makhleb the Destroyer
  2563 | D:8      | Reached skill level 5 in Fighting
  2567 | D:8      | Reached skill level 1 in Invocations
  2703 | D:9      | Your magical essence is drained by the effort!
  2708 | D:9      | Noticed a komodo dragon
  2730 | D:9      | Killed a komodo dragon
  2912 | D:9      | Noticed a moth of wrath
  2914 | D:9      | Found a bloodstained altar of Trog.
  2935 | D:9      | Reached * piety under Makhleb
  3011 | D:10     | Entered Level 10 of the Dungeon
  3126 | D:10     | Noticed Maurice
  3134 | D:10     | Your magical essence is drained by the effort!
  3145 | D:10     | Your magical essence is drained by the effort!
  3153 | D:10     | Your magical essence is drained by the effort!
  3157 | D:10     | Your magical essence is drained by the effort!
  3158 | D:10     | Your magical essence is drained by the effort!
  3170 | D:10     | Reached XP level 10. HP: 60/88 MP: 2/2
  3177 | D:10     | Reached ** piety under Makhleb
  3178 | D:10     | Reached skill level 5 in Invocations
  3224 | D:10     | Killed Maurice
  3599 | D:11     | Found a flagged portal.
  3601 | D:11     | Noticed a two-headed ogre
  3615 | D:11     | Killed a two-headed ogre
  3620 | Bailey   | Entered a bailey
  3659 | Bailey   | Noticed an orc knight
  3660 | Bailey   | Found a bloodstained altar of Trog.
  3672 | Bailey   | Killed an orc knight
  3672 | Bailey   | Reached skill level 5 in Throwing
  3851 | D:11     | HP: 1/91 [harpy simulacrum (12)]
  3852 | D:11     | Mangled by a harpy simulacrum

Skill      XL: |  1  2  3  4  5  6  7  8  9 10 |
---------------+-------------------------------+-----
Fighting       | 3 4 5 6 |  6.1
Shields        | 4 5 6 7 8 9 |  9.8
Axes           | 3 4 5 7 8 9 |  9.5
Throwing       | 1 2 3 4 5 |  5.2
Armour         | 4 5 6 7 |  7.3
Invocations    | 4 7 |  7.1

Action                   |  1- 3 |  4- 6 |  7- 9 | 10-12 || total
-------------------------+-------+-------+-------+-------++-------
Melee: War axe           |    83 |   178 |   357 |   129 ||   747
Invok: Minor Destruction |       |       |       |     2 ||     2
 Abil: Heal Wounds       |       |     8 |    26 |     7 ||    41
  Use: Scroll            |       |    13 |     9 |     3 ||    25
       Potion            |       |     1 |     1 |     1 ||     3
  Eat: Chunk             |       |     2 |    10 |     5 ||    17
       Ration            |       |       |     3 |     1 ||     4
Armor: Scale mail        |    42 |       |       |       ||    42
       Chain mail        |    34 |   103 |       |       ||   137
       Plate armour      |       |   130 |   296 |    67 ||   493
       Skin              |       |       |   130 |       ||   130
       Swamp dragon scal |       |       |       |    15 ||    15
Dodge: Dodged            |    33 |    73 |   172 |    76 ||   354
Block: Shield            |    62 |   169 |   337 |   137 ||   705
